 Dungeon Crawl Stone Soup version 0.22-a0-825-ga28c36f (webtiles) character file.

4 Amnesiac the Magician (level 1, -1/13 HPs)
             Began as a Mummy Earth Elementalist on July 24, 2018.
             Slain by a leopard gecko (5 damage)
             ... on level 4 of the Dungeon.
             The game lasted 00:01:04 (312 turns).

Amnesiac the Magician (Mummy Earth Elementalist)     Turns: 312, Time: 00:01:05

Health: -1/13      AC:  2    Str: 11    XL:     1   Next: 58%
Magic:  3/4        EV: 12    Int: 14    God:
Gold:   0          SH:  0    Dex: 12    Spells: 4/5 levels left

rFire    x . .     SeeInvis .   (no weapon)
rCold    + . .     Gourm    .   (no shield)
rNeg     + + +     Faith    .   c - +0 robe
rPois    ∞         Spirit   .   (no helmet)
rElec    .         Reflect  .   (no cloak)
rCorr    .         Harm     .   (no gloves)
MR       .....                  (no boots)
Stlth    ++........             (no amulet)
HPRegen  0.04/turn              (no ring)
MPRegen  0.09/turn              (no ring)

@: no status effects
A: no food or potions, fire vulnerability, cold resistance 1, negative energy
resistance 3, torment resistance, unbreathing
a: no special abilities


You were on level 4 of the Dungeon.
You were not hungry.

You visited 1 branch of the dungeon, and saw 4 of its levels.

Inventory:

Missiles
 b - 55 stones (quivered)
Armour
 c - a +0 robe (worn)
Scrolls
 e - a scroll of teleportation {!r}


   Skills:
 - Level 1.5 Dodging
 - Level 1.5 Stealth
 + Level 2.7 Spellcasting
   Level 0.7 Transmutations
 * Level 2.7 Earth Magic


You had 4 spell levels left.
You knew the following spells:

 Your Spells              Type           Power        Failure   Level  Hunger
a - Sandblast             Erth           #.....       8%          1    N/A

Your spell library contained the following spells:

 Spells                   Type           Power        Failure   Level  Hunger
 Stone Arrow              Conj/Erth      #.....       36%         3    N/A
 Passwall                 Tmut/Erth      #.......     17%         2    N/A
 Lee's Rapid Deconstruct  Erth           #.........   90%         5    N/A
 Petrify                  Tmut/Erth      #.......     73%         4    N/A

Dungeon Overview and Level Annotations

Branches:
Dungeon (4/15)
 Temple: D:4-7

Altars:
Gozag

Annotations:
D:3 Grinder
D:4 Dowan, Duvessa, Ijyb


Innate Abilities, Weirdness & Mutations

You do not eat or drink.
Your flesh is vulnerable to fire.
You are immune to poison.
Your flesh is cold resistant. (rC+)
You are immune to negative energy. (rN+++)
You are immune to unholy pain and torment.
You can survive without breathing.


Message History

Magic restored.
You start resting.
HP restored.
Dowan, Brother of Duvessa comes into view.
He is wielding a dagger of speed.
Dowan is nearby!
You see here a green potion {!q}.
A quokka skeleton comes into view.
You see here a scroll labeled MIRGHO GEIMUA {!r}.
You see here a scroll labeled MIRGHO GEIMUA {!r}.
e - a scroll labeled MIRGHO GEIMUA {!r}
Casting: Sandblast (safe; 8% risk of failure)
Confirm with . or Enter, or press ? or * to list all spells.
Aiming: Sandblast (safe; 8% risk of failure)
Press: ? - help, Shift-Dir - straight line, f - quokka skeleton
Aim: a quokka skeleton The blast of sand hits the quokka skeleton.
You destroy the quokka skeleton!
b - 56 stones
Casting: Sandblast (safe; 8% risk of failure)
Confirm with . or Enter, or press ? or * to list all spells.
You can't see any susceptible monsters within range! (Use Z to cast anyway.)
Casting: Sandblast (safe; 8% risk of failure)
Confirm with . or Enter, or press ? or * to list all spells.
You can't see any susceptible monsters within range! (Use Z to cast anyway.)
You see here a bubbling orange potion {!q}.
Duvessa, Sister of Dowan comes into view.
She is wielding a short sword.
Duvessa shouts!
You see here a bubbling orange potion {!q}.
Ijyb the Twisted Goblin comes into view.
Duvessa says, "Where magic fails, the sword succeeds!"
You aren't carrying any items that you can evoke.
Okay, then.
Really read
a - a scroll labeled IMITIPSY YFAY {!r}?
As you read the scroll labeled IMITIPSY YFAY {!r}, it crumbles to dust.
The scroll dissolves into smoke.
It was a scroll of fog {!r}.
Really read
d - a scroll labeled ALOTEU FIZU {!r}?
As you read the scroll labeled ALOTEU FIZU {!r}, it crumbles to dust.
It is a scroll of identify.
e - a scroll of teleportation {!r} Duvessa closely misses you.
A leopard gecko comes into view.
The leopard gecko hisses angrily.
The leopard gecko bites you.
Duvessa says, "My weaknesses are his strengths!"
The leopard gecko bites you.
The leopard gecko bites you but does no damage.
The leopard gecko barely misses you. Duvessa closely misses you.
The leopard gecko bites you. The leopard gecko bites you.
* * * LOW HITPOINT WARNING * * *
Duvessa says, "My weaknesses are his strengths!"
The leopard gecko completely misses you.
The leopard gecko bites you but does no damage.
Casting: Sandblast (safe; 8% risk of failure)
Confirm with . or Enter, or press ? or * to list all spells.
Aiming: Sandblast (safe; 8% risk of failure)
Press: ? - help, Shift-Dir - straight line, f - leopard gecko
Aim: a leopard gecko (clinging)
The blast of sand hits the leopard gecko.
The leopard gecko is almost dead.
b - 55 stones The leopard gecko bites you.
You die...

##.## #.## #..#
#...##..#. ###...###
#.# ##.##..#####...
#.......###.####.....#
##.#
#.#.............#....##
#.#
#..#......####....#.#
#.# #.##...#.##
##..###.# #.# #.#
##...e# #.## ..# ..#
#.# #....######.# ...
... ## ###....##el@..#
#.# ##.
...........###.# .
#######$..## #.# #....#
##. #....# #......
#..#.... #..##./... ..#
##....


You could see Duvessa and a leopard gecko.

Vanquished Creatures
  A leopard gecko (D:3)
  A hobgoblin (D:1)
  A frilled lizard (D:4)
  A quokka skeleton (D:4)
4 creatures vanquished.

Notes
Turn   | Place    | Note
-------+----------+-------------------------------------------
     0 | D:1      | Amnesiac the Mummy Earth Elementalist began the quest for the Orb.
     0 | D:1      | Reached XP level 1. HP: 13/13 MP: 4/4
    83 | D:3      | Found an opulent altar of Gozag.
    86 | D:3      | Noticed Grinder
   183 | D:4      | Noticed Dowan
   237 | D:4      | Noticed Duvessa
   253 | D:4      | Noticed Ijyb
   312 | D:4      | Slain by a leopard gecko

Vault maps used:
D:1:      saegor_arrival_simple_a
D:2:      vehumet_crystals, first_ration, uniq_crazy_yiuf_cottage, uniq_natasha,
          uniq_robin
D:3:      nicolae_gozag_seed_capital, tso_oasis_becter,
          chequers_ecumenical_altar_lobes, kennysheep_generic_room_16,
          uniq_grinder
D:4:      uniq_ijyb, uniq_edmund, uniq_duvessa

Action                   || total
-------------------------++-------
 Cast: Sandblast         ||     7
  Use: Scroll            ||     2
Armor: Robe              ||     5
Dodge: Dodged            ||     8

Table legend:
 A = Spawn XP
 B = Non-spawn XP
 C = Spawn XP percentage of total XP
 D = Spawn monster count
 E = Non-spawn monster count
 F = Spawn count percentage of total count
 G = Total turns spent on level
                    A         B        C        D         E        F      G
               +---------+---------+-------+---------+---------+-------+---------
         Total |       0 |       7 |   0.0 |       0 |       4 |   0.0 |   312
               +---------+---------+-------+---------+---------+-------+---------
           D:1 |       0 |       2 |   0.0 |       0 |       1 |   0.0 |    72
           D:3 |       0 |       3 |   0.0 |       0 |       1 |   0.0 |    32
           D:4 |       0 |       2 |   0.0 |       0 |       2 |   0.0 |   204
               +---------+---------+-------+---------+---------+-------+---------
